 Dungeon Crawl Stone Soup version 0.23.2-1-ga50397a6bc (webtiles) character file.

Game seed: 11278892115091273274

35 Menchi the Skirmisher (level 3, 0/34 HPs)
             Began as a Naga Monk on May 17, 2019.
             Slain by a jackal (2 damage)
             ... on level 1 of the Dungeon.
             The game lasted 00:03:11 (727 turns).

Menchi the Skirmisher (Naga Monk)                    Turns: 727, Time: 00:03:12

Health: 0/34       AC: -2    Str: 13 (16) XL:     3   Next: 35%
Magic:  3/3        EV: 16    Int: 14 (15) God:
Gold:   104        SH:  0    Dex: 15 (18) Spells: 2/2 levels left

rFire    . . .     SeeInvis +   a - +1 spear
rCold    . . .     Gourm    .   (no shield)
rNeg     . . .     Faith    .   b - +0 robe
rPois    +         Spirit   .   (no helmet)
rElec    .         Reflect  .   (no cloak)
rCorr    +         Harm     .   (no gloves)
MR       .....                  (no barding)
Stlth    +++.......             (no amulet)
HPRegen  0.11/turn              k - +2 ring of strength
MPRegen  0.08/turn              l - ring of resist corrosion

@: brilliant, agile, corroded, berserk cooldown, slowed, very slow
A: large, see invisible, deformed body, poison resistance, slowness 2, slow
metabolism 1, spit poison 1, AC +1
a: Spit Poison


You were on level 1 of the Dungeon.
You were not hungry.

You visited 1 branch of the dungeon, and saw 1 of its levels.

You collected 104 gold pieces.

Inventory:

Hand Weapons
 a - a +1 spear (weapon)
Armour
 b - a +0 robe (worn)
Jewellery
 k - a +2 ring of strength (left hand)
 l - a ring of resist corrosion (right hand)
Scrolls
 p - a scroll of identify
Potions
 n - a potion of agility
Comestibles
 c - 2 rations
 o - 2 chunks of flesh


   Skills:
 + Level 3.5 Fighting
 + Level 3.4 Polearms
 + Level 2.8 Dodging
 - Level 3.0 Stealth


You had 2 spell levels left.
You didn't know any spells.
Your spell library was empty.

Dungeon Overview and Level Annotations

Branches:
Dungeon (1/15)

Altars:


Innate Abilities, Weirdness & Mutations

You cannot wear boots.
Your serpentine skin is tough. (AC +1)
You have supernaturally acute eyesight. (SInv)
Armour fits poorly on your strangely shaped body.
Your system is resistant to poisons. (rPois)
You cover ground very slowly.
You have a slow metabolism.
You can spit poison.


Message History

The jackal is moderately wounded.
The jackal barely misses you. The jelly hits you.
You are splashed with acid.
You resist. The jackal bites you. The jelly closely misses you.
You hit the jackal.
The jackal is almost dead.
The jackal bites you. The jelly hits you. The acid corrodes you!
You are splashed with acid.
You resist.
* * * LOW HITPOINT WARNING * * *
The jackal barely misses you.
You feel agile all of a sudden. The jackal misses you. The jelly hits you.
* * * LOW HITPOINT WARNING * * *
You are splashed with acid.
You resist.
* * * LOW HITPOINT WARNING * * *
The jackal completely misses you. The jelly completely misses you.
You hit the jelly.
Your hands burn!
* * * LOW HITPOINT WARNING * * *
The jelly is lightly wounded.
The jackal bites you.
You die...

..# ######### ###
###.....################## #..
.##.........[............# #..
..#......###+#######'###.# #..
..#......#(.⌠...>...⌠..#.# ####..
#...####.#......<......#.# #.....
###......+⌠....###....⌠'.###.....
###......#.....h@......#.#.......
.........#######J#######....>....
#........#....shgJJ....#.........
)...###..#.?...hhhh....#.........
......#..#.............#..##.....
.##...#..###############..#PP.P..
.##.......................#P...P.
###...............).......#....P.
#................#####..#P...P.


You could see a jelly, 2 oozes, 6 jackals, a giant cockroach and a hobgoblin.

Vanquished Creatures
  3 oozes (D:1)
  A dart slug (D:1)
  4 giant cockroaches (D:1)
  A goblin (D:1)
  2 hobgoblins (D:1)
  A jackal (D:1)
  A ball python (D:1)
  3 bats (D:1)
  2 kobolds (D:1)
  4 rats (D:1)
  A toadstool (D:1)
23 creatures vanquished.

Vanquished Creatures (others)
  3 toadstools (D:1)
3 creatures vanquished.

Grand Total: 26 creatures vanquished

Notes
Turn   | Place    | Note
-------+----------+-------------------------------------------
     0 | D:1      | Menchi the Naga Monk began the quest for the Orb.
     0 | D:1      | Reached XP level 1. HP: 21/21 MP: 1/1
     1 | D:1      | Found a runed translucent door.
   117 | D:1      | Reached XP level 2. HP: 13/28 MP: 2/2
   711 | D:1      | Reached XP level 3. HP: 34/34 MP: 3/3
   727 | D:1      | Slain by a jackal

Action                   || total
-------------------------++-------
Melee: Spear             ||    73
 Abil: Spit Poison       ||     1
  Use: Potion            ||     6
       Scroll            ||     4
 Stab: Sleeping          ||     1
Armor: Robe              ||    11
Dodge: Dodged            ||    34
